 Dungeon Crawl Stone Soup version 0.30-a0-948-g4fa250aae5 (webtiles) character file.

Game seed: 13758285637876501087

471 mandarbmax the Cutter (level 6, -1/54 HPs)
             Began as an Armataur Fighter on Mar 26, 2023.
             Slain by an iguana (8 damage)
             ... on level 5 of the Dungeon.
             The game lasted 00:07:40 (4065 turns).

mandarbmax the Cutter (Armataur Fighter)            Turns: 4065, Time: 00:07:41

Health: -1/54      AC:  7    Str: 23    XL:     6   Next: 83%
Magic:  6/6        EV:  7    Int:  9    God:
Gold:   211        SH:  4    Dex:  9    Spells: 5/5 levels left

rFire   . . .      SeeInvis .    a - +0 rapier
rCold   . . .      Faith    .    c - +0 buckler
rNeg    . . .      Spirit   .    b - +0 scale mail
rPois   +          Reflect  .    r - +0 hat
rElec   .          Roll     +    (no cloak)
rCorr   .                        (no gloves)
Will    .....                    (no barding) Stlth
                                 (no amulet)
HPRegen 0.29/turn                o - ring of poison resistance
MPRegen 0.10/turn                (no ring)

@: no status effects
A: large, rugged brown scales 3, deformed body, armoured tail, roll, long
tongue, awkward tongue
a: no special abilities


You were on level 5 of the Dungeon.
You visited 1 branch of the dungeon, and saw 5 of its levels.

You collected 211 gold pieces.

Inventory:

Hand Weapons
 a - a +0 rapier (weapon)
 u - a +0 dagger of distortion
Armour
 b - a +0 scale mail (worn)
 c - a +0 buckler (worn)
 n - a +0 chain mail
 r - a +0 hat (worn)
Jewellery
 o - a ring of poison resistance (left hand)
Wands
 d - a wand of roots (6)
 v - a wand of paralysis (1)
Scrolls
 f - a scroll of fog
 g - 2 scrolls of teleportation
 i - a scroll of enchant weapon
 k - a scroll of enchant armour
 s - 2 scrolls of poison
 t - a scroll of fear
Potions
 h - 3 potions of attraction
 j - 3 potions of curing
 l - 3 potions of invisibility {unknown}
 m - 2 potions of ambrosia
 q - 2 potions of haste
 w - a potion of lignification
 x - a potion of might


   Skills:
 - Level 3.0 Fighting
 + Level 6.5 Short Blades
 - Level 4.0 Armour
 - Level 3.2 Shields


You had 5 spell levels left.
You didn't know any spells.
Your spell library contained the following spells:

 Spells                   Type           Power      Damage    Failure   Level
 Shock                    Conj/Air       0%         1d3       77%         1
 Swiftness                Air            0%         N/A       98%         3
 Airstrike                Air            0%         2d(0-16)  100%        4


Dungeon Overview and Level Annotations

Branches:
Dungeon (5/15)
 Temple: D:4-7

Altars:
Kikubaaqudgha
Okawaru
Zin

Shops:
D:3 ?

Annotations:
D:4 2 transporters, Palms's ghost, novice VSEn


Innate Abilities, Weirdness & Mutations

You are completely covered in rugged brown scales. (AC +3, +7% HP)
Armour fits poorly on your strangely shaped body.
You have a long armoured tail.
You roll when moving toward enemies. (Rampage)
Your long tongue fully drains potion bottles. (2x potion effects)
Your tongue gives you trouble enunciating. (1.5x scroll delay)


Message History

The iguana closely misses you.
You hit the iguana but do no damage.
The iguana is moderately wounded.
You block the iguana's attack.
You hit the iguana but do no damage.
The iguana is moderately wounded.
The iguana closely misses you.
You hit the iguana.
The iguana is heavily wounded.
The iguana bites you.
* * * LOW HITPOINT WARNING * * *
You closely miss the iguana.
The iguana is heavily wounded.
The iguana bites you!
* * * LOW HITPOINT WARNING * * *
It was a potion of curing.
You feel better.
You slurp down every last drop of the potion of curing!
The iguana bites you!
You hit the iguana but do no damage.
The iguana is heavily wounded.
The iguana barely misses you.
You hit the iguana but do no damage. You tail-slap the iguana!
The iguana is almost dead.
The iguana closely misses you.
You completely miss the iguana.
The iguana is almost dead.
You barely miss the iguana.
The iguana is almost dead.
You block the iguana's attack.
You hit the iguana but do no damage.
The iguana is almost dead.
The iguana bites you.
You closely miss the iguana.
The iguana is almost dead.
The iguana bites you!
* * * LOW HITPOINT WARNING * * *
You hit the iguana but do no damage.
The iguana is almost dead.
The iguana bites you!
You die...

## . #... #######.# ..
+... ......... #.
###...##...l.... #.
.(..............
###.######....##†.......
.........#.....#........
#.....#####...###....
#......@l............
#†....#######.#...[..
#.....# #.###... #.....#
#.# ## #######.....##
#.# #.............. ...
#.############# .# #.#
#.########## ...


You could see an iguana.

Vanquished Creatures
  A black bear (D:4)
  A scorpion (D:4)
  3 hounds
  A jelly (D:5)
  2 iguanas
  A sleepcap (D:5)
  3 adders
  A white imp (D:5)
  2 worms (D:2)
  3 dart slugs
  An orc (D:3)
  6 endoplasms
  6 goblins
  5 hobgoblins
  14 jackals
  A quokka (D:2)
  6 ball pythons
  8 bats
  3 frilled lizards
  8 kobolds
  8 rats
84 creatures vanquished.

Notes
Turn   | Place    | Note
-------+----------+-------------------------------------------
     0 | D:1      | mandarbmax the Armataur Fighter began the quest for the
                  | Orb.
     0 | D:1      | Reached XP level 1. HP: 19/19 MP: 1/1
   154 | D:1      | Reached skill level 2 in Short Blades
   187 | D:1      | Reached XP level 2. HP: 26/26 MP: 2/2
   552 | D:1      | Reached XP level 3. HP: 33/33 MP: 3/3
  1154 | D:2      | Identified the +0 buckler of the Crypt {rN++ Int+3}
  1311 | D:2      | Reached skill level 3 in Short Blades
  1326 | D:2      | Found a glowing silver altar of Zin.
  2101 | D:3      | Found Losip's Magic Scroll Shoppe.
  2265 | D:3      | Reached XP level 4. HP: 27/40 MP: 4/4
  2566 | D:3      | Found an iron altar of Okawaru.
  2636 | D:4      | Reached skill level 4 in Short Blades
  2691 | D:4      | Reached XP level 5. HP: 30/48 MP: 5/5
  2819 | D:4      | Reached skill level 5 in Short Blades
  2983 | D:4      | Found a transporter.
  2983 | D:4      | Noticed Palms's ghost (novice VSEn)
  2985 | D:4      | Found a transporter.
  3244 | D:4      | Found an ancient bone altar of Kikubaaqudgha.
  3293 | D:4      | Noticed a black bear
  3300 | D:4      | Killed a black bear
  3301 | D:4      | Reached XP level 6. HP: 47/54 MP: 6/6
  3578 | D:5      | Entered Level 5 of the Dungeon
  3752 | D:5      | Reached skill level 6 in Short Blades
  4065 | D:5      | Slain by an iguana

Illustrated notes

Levels and vault maps discovered:
D:1:      matt_arrival_grand_opening, layout_loops_corners, minmay_tetromino_s2
D:2:      layout_loops_ring, basic_altar, serial_aquarium,
          aquarium_bridge_square [aquarium_subvault_bridge,
          aquarium_subvault_wall, aquarium_subvault_window,
          aquarium_subvault_window], aquarium_bridge_square
          [aquarium_subvault_wall, aquarium_subvault_bridge,
          aquarium_subvault_wall, aquarium_subvault_window], aquarium_window_3,
          aquarium_window_fake, aquarium_view_2c, aquarium_view_2e,
          aquarium_balcony_1a, aquarium_pool_side
D:3:      layout_basic, hellmonk_okawaru_the_only_friend_you_need, serial_shops,
          shop_fountains, minmay_misc_feat_diagonals
D:4:      layout_basic, mainiacjoe_overflow_paths, gammafunk_ghost_arena
D:5:      cheibrodos_quashed, layout_basic, uniq_eustachio, uniq_grinder

Skill      XL: |  1  2  3  4  5  6 |
---------------+-------------------+-----
Short Blades   | 2 3 4 5 6 |  6.5
Fighting       | 3 |  3.0
Armour         | 4 |  4.0
Shields        | |  3.2

Action                     |  1- 3 |  4- 6 || total
---------------------------+-------+-------++-------
  Melee: Rapier            |   162 |   180 ||   342
         Tailslap          |    16 |    22 ||    38
    Use: Potion            |       |     3 ||     3
         Scroll            |       |    10 ||    10
 Armour: Scale mail        |    72 |    79 ||   151
  Dodge: Dodged            |    47 |    47 ||    94
  Block: Buckler           |    30 |    35 ||    65

Table legend: (Time is in decaauts)
 A = Elapsed time spent in this place.
 B = Non-inter-level travel time spent in this place.
 C = Inter-level travel time spent in this place.
 D = Time resting spent in this place.
 E = Time spent auto-exploring this place.
 F = Levels seen in this place.
 G = Mean time per level.
                   A        B        C        D        E       F      G
               +--------+--------+--------+--------+--------+-----+--------+
         Total |   4077 |   3946 |    131 |      0 |   3279 |   5 |  815.4 |
       Dungeon |   4077 |   3946 |    131 |      0 |   3279 |   5 |  815.4 |
               +--------+--------+--------+--------+--------+-----+--------+

Top non-repeatable levels by time:
     D:1: 1112 daAuts
     D:4: 970 daAuts
     D:2: 875 daAuts
     D:3: 633 daAuts
     D:5: 485 daAuts
